 Dungeon Crawl Stone Soup version 0.22-a0-322-g60b3cfd402 (webtiles) character file.

36120 Laan the Basher (level 13, 0/84 HPs)
             Began as a Gargoyle Fighter on Apr 5, 2018.
             Was the Champion of the Shining One.
             Slain by a yak (7 damage)
             ... on level 5 of the Lair of Beasts.
             The game lasted 00:30:19 (14422 turns).

Laan the Basher (Gargoyle Fighter)                 Turns: 14422, Time: 00:30:19

Health: 0/84       AC: 32    Str: 30    XL:     13   Next: 88%
Magic:  18/18      EV:  8    Int:  9    God:    the Shining One [******]
Gold:   1039       SH: 20    Dex:  9    Spells: 12/12 levels left

rFire    . . .     SeeInvis .   C - +3 morningstar (freeze)
rCold    . . .     Gourm    .   q - +1 large shield
rNeg     + + +     Faith    .   w - +4 ring mail "Forget-Me-Not" {Stlth+}
rPois    ∞         Spirit   .   (no helmet)
rElec    +         Reflect  .   c - +2 cloak {rPois}
rCorr    .         Harm     .   D - +2 pair of gloves
MR       .....                  m - +0 pair of boots
Stlth    +.........             (no amulet)
HPRegen  0.24/turn              d - ring of wizardry
MPRegen  0.16/turn              o - +3 ring of protection

@: mighty, glowing
A: negative energy resistance 1, electricity resistance, unbreathing,
petrification resistance, rot immunity, AC +9
a: Divine Shield, Cleansing Flame, Summon Divine Warrior, Brand Weapon With Holy
Wrath, Renounce Religion


You were on level 5 of the Lair of Beasts.
You worshipped the Shining One.
The Shining One was exalted by your worship.
You were not hungry.

You visited 3 branches of the dungeon, and saw 17 of its levels.
You also visited: Ossuary.

You collected 1137 gold pieces.
You spent 98 gold pieces at shops.

Inventory:

Hand Weapons
 C - a +3 morningstar of freezing (weapon)
Missiles
 h - 8 javelins (quivered)
Armour
 c - a +2 cloak of poison resistance (worn)
 m - a +0 pair of boots (worn)
 q - a +1 large shield (worn)
 w - the +4 ring mail "Forget-Me-Not" (worn) {Stlth+}
   (You found it on level 7 of the Dungeon)

   It makes you more stealthy.
 D - a +2 pair of gloves (worn)
Jewellery
 d - a ring of wizardry (left hand)
 o - a +3 ring of protection (right hand)
 E - an uncursed ring of protection from fire {unknown}
 H - an uncursed ring of magical power {unknown}
Wands
 i - a wand of scattershot (4)
 n - a wand of polymorph (30)
 t - a wand of flame (27)
 y - a wand of enslavement (7)
 A - a wand of disintegration (13)
 G - a wand of iceblast (10)
Scrolls
 a - 6 scrolls of amnesia
 b - 5 scrolls of magic mapping
 g - 10 scrolls of identify
 j - 2 scrolls of enchant weapon
 s - 4 scrolls of remove curse
 u - 10 scrolls of teleportation
 v - a scroll of silence {unknown}
 F - 3 scrolls of noise {unknown}
 I - 2 scrolls of enchant armour
 J - a scroll of fog {unknown}
Potions
 e - 8 potions of flight
 k - 3 potions of agility
 l - 3 potions of heal wounds {unknown}
 p - 5 potions of berserk rage
 x - 4 potions of might
 z - a potion of mutation {unknown}
 B - 4 potions of brilliance {unknown}
Comestibles
 f - 32 rations
 K - 26 chunks of flesh


   Skills:
 + Level 11.6 Fighting
 - Level 14.0 Maces & Flails
 + Level 11.6 Armour
 + Level 11.6 Shields
 + Level 6.7 Invocations


You had 12 spell levels left.
You didn't know any spells.

Dungeon Overview and Level Annotations

Branches:
Dungeon (11/15)            Temple (1/1) D:6            Lair (5/6) D:10
  Swamp (0/4) Lair:4       Spider (0/4) Lair:3          Orc (0/2) D:9
  Slime: Lair:5-6

Altars:
Ashenzari
Cheibriados
Dithmenos
Elyvilon
Fedhas
Gozag
Hepliaklqana
Kikubaaqudgha
Makhleb
Nemelex Xobeh
Okawaru
Qazlal
Ru
Sif Muna
Trog
Uskayaw
Vehumet
Wu Jian
Xom
Yredelemnul
Zin
The Shining One

Shops:
D:4 :   D:8 ?   D:9 [   D:11 [

Annotations:
D:10 exclusion: obsidian statue


Innate Abilities, Weirdness & Mutations

You are resistant to torment.
Your stone body is resilient. (AC +9)
You are immune to poison.
You resist negative energy. (rN+)
You are resistant to electric shocks. (rElec)
You can survive without breathing.
You are immune to petrification.
You are immune to rotting.


Message History

You impale the yak!! You freeze the yak!
The yak is severely wounded.
The yak gores you!
* * * LOW HITPOINT WARNING * * *
You hit the yak but do no damage.
The yak is severely wounded.
You block the yak's attack. The yak gores you but does no damage.
You impale the yak!! You freeze the yak.
You kill the yak!
The yak barely misses you.
You puncture the yak! You freeze the yak.
The yak is heavily wounded.
You block the yak's attack.
You puncture the yak! You freeze the yak.
The yak is almost dead.
You block the yak's attack.
You completely miss the yak.
The yak is almost dead.
The yak gores you!
You die...

..............P.##...!.......PP.#
......#...............>......#...
...P..........#.#............#...
..P...#.........#.......##.......
...P##. ....P....#.......#..##..P
..### .........##.......#######
...# ##PPP....[##.#.....## # ..##
#..PP......## .#.### ###
...#..#..†@Y# ....# ##
#..##..###††# .# .###
#..##.......# ..# ...#
#...........# ..#
..#####<..........##...#
..###...........#......#
.....##..#......#..#.....
................†...#.P..
.^...#...................


You could see a yak.

Vanquished Creatures
  The ghost of brujo666 the Champion of Chaos, a journeyman DsGl of Makhleb (Lair:4)
  2 hydras
  7 two-headed ogres
  A wizard (D:7)
  A lindwurm (Lair:5)
  A deep elf mage (D:9)
  3 orc sorcerers
  A cyclops (D:11)
  3 elephants
  A black mamba (Lair:5)
  2 centaur skeletons (D:11)
  The ghost of Sassnad the Chopper, a novice FoFi of Qazlal (D:5)
  10 spiny frogs
  A kobold demonologist (D:10)
  4 komodo dragons
  3 trolls
  A hornet (D:8)
  A polar bear (Lair:4)
  A queen bee (D:8)
  Grinder (D:6)
  16 blink frogs
  10 dream sheep
  5 hippogriffs
  29 yaks
  Sigmund (D:4)
  Eustachio (D:6)
  3 basilisks
  The ghost of dcsswall the Chiller, an amateur BaIE (D:3)
  Menkaure (D:7)
  8 water moccasins
  Duvessa (D:6)
  6 porcupines
  A sky beast (D:9)
  2 ice beasts
  7 orc warriors (D:8)
  5 ogres
  An eye of draining (D:8)
  A necrophage (D:8)
  5 wolves (Lair:5)
  6 centaurs
  4 crocodiles
  2 elf zombies (Ossuary)
  11 bullfrogs
  Dowan (D:6)
  16 killer bees (D:8)
  4 scorpions
  A water moccasin skeleton (D:4)
  6 wights
  A howler monkey (D:8)
  An electric eel (Lair:4)
  5 crimson imps (D:8)
  3 centaur zombies
  A quasit (D:6)
  4 hounds
  8 orc priests
  2 jellies
  8 orc wizards
  2 bullfrog skeletons
  Ijyb (D:5)
  5 iguanas
  10 worker ants
  3 hound zombies
  3 mummies (Ossuary)
  4 worker ant zombies
  10 adders
  2 shadow imps
  An ooze (D:5)
  6 adder zombies
  An adder skeleton (D:5)
  6 worms
  4 dart slugs
  2 leopard geckos
  31 orcs
  8 giant cockroaches
  3 gnoll zombies (Ossuary)
  5 goblins
  7 hobgoblins
  8 jackals
  9 kobolds
  2 quokkas (D:2)
  4 ball pythons
  4 bats
  6 frilled lizards
  2 goblin zombies (Ossuary)
  6 hobgoblin zombies (Ossuary)
  3 jackal zombies (Ossuary)
  3 kobold zombies (Ossuary)
  A leopard gecko skeleton (D:4)
  A leopard gecko zombie (D:8)
  An orc zombie (Ossuary)
  2 quokka zombies (Ossuary)
  6 rats
  3 rat zombies (Ossuary)
409 creatures vanquished.

Vanquished Creatures (others)
  4 fungi
  5 plants (Lair:5)
9 creatures vanquished.

Grand Total: 418 creatures vanquished

Notes
Turn   | Place    | Note
-------+----------+-------------------------------------------
     0 | D:1      | Laan the Gargoyle Fighter began the quest for the Orb.
     0 | D:1      | Reached XP level 1. HP: 14/14 MP: 1/1
   390 | D:1      | Reached XP level 2. HP: 19/19 MP: 2/2
   438 | D:1      | Reached skill level 3 in Maces & Flails
   748 | D:2      | Reached XP level 3. HP: 8/23 MP: 3/3
  1105 | D:2      | Reached skill level 4 in Maces & Flails
  1351 | D:2      | Reached XP level 4. HP: 28/28 MP: 4/4
  1567 | D:2      | Found a burning altar of Makhleb.
  1567 | D:2      | Noticed a green death
  1965 | D:2      | Reached skill level 5 in Maces & Flails
  1965 | D:2      | Reached XP level 5. HP: 17/32 MP: 5/5
  2224 | D:3      | Noticed dcsswall's ghost (amateur BaIE)
  2246 | D:3      | Killed dcsswall's ghost
  2246 | D:3      | Reached skill level 6 in Maces & Flails
  2246 | D:3      | Reached XP level 6. HP: 26/37 MP: 6/6
  2289 | D:3      | Found an ancient bone altar of Kikubaaqudgha.
  3039 | D:4      | Reached skill level 7 in Maces & Flails
  3174 | D:4      | Reached XP level 7. HP: 27/41 MP: 7/7
  3469 | D:4      | Found Higutow's Book Shop.
  3494 | D:4      | Noticed Sigmund
  3584 | D:4      | Killed Sigmund
  3584 | D:4      | Reached skill level 8 in Maces & Flails
  3772 | D:5      | Entered Level 5 of the Dungeon
  3774 | D:5      | Found a glowing golden altar of the Shining One.
  3779 | D:5      | Became a worshipper of the Shining One
  3836 | D:5      | Noticed Sassnad's ghost (novice FoFi)
  3886 | D:5      | Killed Sassnad's ghost
  3886 | D:5      | Reached XP level 8. HP: 23/48 MP: 8/8
  4005 | D:5      | Found a deep blue altar of Sif Muna.
  4064 | D:5      | Found a snail-covered altar of Cheibriados.
  4106 | D:5      | Noticed Ijyb
  4116 | D:5      | Killed Ijyb
  4288 | D:6      | Noticed Grinder
  4294 | D:6      | Paralysed by Grinder for 5 turns
  4302 | D:6      | Killed Grinder
  4302 | D:6      | Reached skill level 5 in Shields
  4385 | D:6      | Reached skill level 5 in Fighting
  4385 | D:6      | Reached skill level 9 in Maces & Flails
  4385 | D:6      | Reached skill level 5 in Armour
  4391 | D:6      | Noticed Eustachio
  4457 | D:6      | Killed Eustachio
  4457 | D:6      | Reached XP level 9. HP: 39/54 MP: 9/9
  4646 | D:6      | Found a staircase to the Ecumenical Temple.
  4665 | Temple   | Entered the Ecumenical Temple
  4940 | D:6      | Noticed Duvessa
  4940 | D:6      | Noticed Dowan
  4950 | D:6      | Killed Duvessa
  4955 | D:6      | Killed Dowan
  5372 | D:7      | Noticed Menkaure
  5372 | D:7      | Reached * piety under the Shining One
  5677 | D:7      | Killed Menkaure
  5707 | D:7      | You fall through a shaft for 2 floors!
  5714 | D:9      | Noticed a queen bee
  5714 | D:9      | Noticed a troll
  5714 | D:8      | Noticed a two-headed ogre
  5730 | D:8      | Killed a two-headed ogre
  5730 | D:8      | Reached skill level 10 in Maces & Flails
  5744 | D:8      | Reached XP level 10. HP: 18/61 MP: 10/10
  5916 | D:8      | Found a sparkling altar of Nemelex Xobeh.
  5916 | D:8      | Found a blossoming altar of Fedhas.
  6083 | D:8      | Reached ** piety under the Shining One
  6159 | D:8      | Reached skill level 11 in Maces & Flails
  6169 | D:8      | Found a sand-covered staircase.
  6178 | Ossuary  | Entered an ossuary
  6359 | Ossuary  | Reached *** piety under the Shining One
  6428 | Ossuary  | Reached **** piety under the Shining One
  6619 | D:7      | Got a dazzling ring mail
  6620 | D:7      | Identified the +4 ring mail "Forget-Me-Not" {Stlth+} (You found it on level 7 of the Dungeon)
  6740 | D:7      | Noticed an orc sorcerer
  6740 | D:7      | Noticed an orc sorcerer
  6741 | D:7      | Noticed a wizard
  6741 | D:7      | Noticed an orc sorcerer
  6767 | D:6      | Killed an orc sorcerer
  6792 | D:7      | Killed an orc sorcerer
  6800 | D:7      | Noticed a sixfirhy
  6802 | D:7      | Killed a wizard
  6808 | D:7      | Noticed a sixfirhy
  6988 | D:7      | Paralysed by an orc sorcerer for 7 turns
  6998 | D:7      | Killed an orc sorcerer
  7604 | D:8      | Found Kuqung's Magic Scroll Boutique.
  7604 | D:8      | Noticed a two-headed ogre
  7616 | D:8      | Killed a two-headed ogre
  7616 | D:8      | Reached XP level 11. HP: 41/68 MP: 11/11
  7622 | D:8      | Bought a scroll of identify for 28 gold pieces
  7622 | D:8      | Bought a scroll of identify for 28 gold pieces
  7622 | D:8      | Bought a scroll of remove curse for 42 gold pieces
  7865 | D:9      | Reached ***** piety under the Shining One
  7924 | D:8      | Reached skill level 12 in Maces & Flails
  8548 | D:9      | Noticed a two-headed ogre
  8561 | D:8      | Killed a two-headed ogre
  8847 | D:9      | Found Nerod's Armour Boutique.
  8848 | D:9      | Found a staircase to the Orcish Mines.
  8850 | D:9      | Found Palof's Weapon Boutique.
  9037 | D:9      | Noticed a two-headed ogre
  9040 | D:9      | Found an opulent altar of Gozag.
  9047 | D:9      | Killed a two-headed ogre
  9252 | D:9      | Noticed a deep elf mage
  9280 | D:9      | Killed a deep elf mage
  9474 | D:10     | Entered Level 10 of the Dungeon
  9511 | D:10     | Noticed a two-headed ogre
  9521 | D:10     | Killed a two-headed ogre
  9847 | D:10     | Noticed a two-headed ogre
  9854 | D:10     | Killed a two-headed ogre
  9854 | D:10     | Reached skill level 13 in Maces & Flails
  9854 | D:10     | Reached XP level 12. HP: 60/76 MP: 12/12
 10114 | D:10     | Found a staircase to the Lair.
 10675 | D:11     | Noticed a two-headed ogre
 10686 | D:11     | Killed a two-headed ogre
 10686 | D:11     | Reached skill level 1 in Invocations
 10829 | D:11     | Found Quryu's Armour Shoppe.
 11025 | Lair:1   | Entered Level 1 of the Lair of Beasts
 11054 | Lair:1   | Reached skill level 10 in Armour
 11113 | Lair:1   | Reached skill level 10 in Shields
 11120 | Lair:1   | Reached skill level 10 in Fighting
 11471 | Lair:1   | Noticed a seven-headed hydra
 11478 | Lair:1   | Killed a seven-headed hydra
 11959 | Lair:2   | Reached XP level 13. HP: 72/83 MP: 14/16
 12784 | Lair:3   | Found a hole to the Spider Nest.
 12786 | Lair:3   | Reached ****** piety under the Shining One
 12854 | Lair:3   | Reached skill level 14 in Maces & Flails
 13044 | Lair:3   | Reached skill level 5 in Invocations
 13335 | Lair:4   | Noticed brujo666's ghost (journeyman DsGl)
 13355 | Lair:4   | Killed brujo666's ghost
 13362 | Lair:4   | Found a staircase to the Swamp.
 14422 | Lair:5   | Slain by a yak

Vault maps used:
D:1:      minmay_arrival_split_and_join
D:2:      makhleb_altar_promises_db
D:3:      cheibrodos_pilgrimage, lemuel_doored_altar
D:4:      serial_shops, nicolae_shop_trees, minmay_gold_behind_fungi,
          uniq_sigmund
D:5:      kennysheep_little_box, lemuel_blue_sif_altar, first_ration,
          cheibriados_altar_1, uniq_ijyb
D:6:      minmay_temple_entry_junction, uniq_grinder, uniq_duvessa,
          uniq_eustachio
D:7:      cheibrodos_wizards_tower, uniq_menkaure
D:8:      gammafunk_temple_overflow_wave, chequers_ossuary_entry_cave,
          st_stairs_4, kennysheep_small_square
D:9:      kennysheep_mini, orc_david_3, david_nohive_1, minmay_checkerbox
D:10:     lair_entry_dummy, minmay_protected_statue
D:11:     serial_shops, shop
Temple:   regret_index_temple_waves
Lair:2:   grunt_megastairs_4
Lair:3:   nicolae_spider_entry_non_spiders
Lair:4:   swamp_mist_pool, serial_bayou_shore_a, grunt_megastairs_1
Ossuary:  minmay_ossuary_two_tombs

Skill      XL: |  1  2  3  4  5  6  7  8  9 10 11 12 13 |
---------------+----------------------------------------+-----
Maces & Flails | 3 4 5 6 7 8 9 10 11 13 14 | 14.0
Fighting       | 4 5 6 8 9 10 11 | 11.6
Armour         | 4 5 6 8 9 10 11 | 11.6
Shields        | 4 5 6 8 9 10 11 | 11.6
Invocations    | 4 6 |  6.7

Action                   |  1- 3 |  4- 6 |  7- 9 | 10-12 | 13-15 || total
-------------------------+-------+-------+-------+-------+-------++-------
Melee: Flail             |   114 |     3 |       |   515 |       ||   632
       Mace              |       |   170 |   362 |   124 |       ||   656
       Morningstar       |       |       |       |   128 |   300 ||   428
Throw: Javelin           |       |     4 |       |     3 |       ||     7
Evoke: Wand              |       |       |     1 |       |       ||     1
  Use: Scroll            |       |     6 |       |     5 |       ||    11
       Potion            |       |       |     9 |     1 |     5 ||    15
  Eat: Chunk             |     2 |     6 |     8 |    18 |     8 ||    42
       Ration            |       |       |       |     1 |       ||     1
Armor: Scale mail        |    53 |       |       |       |       ||    53
       Chain mail        |    43 |    29 |       |       |       ||    72
       Plate armour      |       |   102 |   250 |    82 |       ||   434
       Skin              |       |       |    14 |       |       ||    14
       Ring mail         |       |       |       |   239 |   164 ||   403
Dodge: Dodged            |    40 |    16 |    75 |   137 |    78 ||   346
Block: Shield            |    72 |    69 |   189 |    88 |       ||   418
       Large shield      |       |       |       |   491 |   343 ||   834

Table legend:
 A = Spawn XP
 B = Non-spawn XP
 C = Spawn XP percentage of total XP
 D = Spawn monster count
 E = Non-spawn monster count
 F = Spawn count percentage of total count
 G = Total turns spent on level
                    A         B        C        D         E        F      G
               +---------+---------+-------+---------+---------+-------+---------
         Total |       0 |   51601 |   0.0 |       0 |     409 |   0.0 | 14422
               +---------+---------+-------+---------+---------+-------+---------
           D:1 |       0 |      25 |   0.0 |       0 |      14 |   0.0 |   700
           D:2 |       0 |     113 |   0.0 |       0 |      30 |   0.0 |  1309
           D:3 |       0 |     351 |   0.0 |       0 |      22 |   0.0 |  1020
           D:4 |       0 |     652 |   0.0 |       0 |      16 |   0.0 |   743
           D:5 |       0 |     641 |   0.0 |       0 |      16 |   0.0 |   516
           D:6 |       0 |    1688 |   0.0 |       0 |      14 |   0.0 |  1483
           D:7 |       0 |    2396 |   0.0 |       0 |      14 |   0.0 |   756
           D:8 |       0 |    7636 |   0.0 |       0 |      75 |   0.0 |  1737
           D:9 |       0 |    2103 |   0.0 |       0 |      10 |   0.0 |   657
          D:10 |       0 |    3096 |   0.0 |       0 |      20 |   0.0 |   831
          D:11 |       0 |    4990 |   0.0 |       0 |      28 |   0.0 |   720
        Lair:1 |       0 |    6094 |   0.0 |       0 |      22 |   0.0 |   649
        Lair:2 |       0 |    5822 |   0.0 |       0 |      27 |   0.0 |   873
        Lair:3 |       0 |    2337 |   0.0 |       0 |      13 |   0.0 |   776
        Lair:4 |       0 |    5900 |   0.0 |       0 |      23 |   0.0 |   813
        Lair:5 |       0 |    7324 |   0.0 |       0 |      28 |   0.0 |   286
       Ossuary |       0 |     433 |   0.0 |       0 |      37 |   0.0 |   413
               +---------+---------+-------+---------+---------+-------+---------
